 Dungeon Crawl Stone Soup version 0.28.0 (webtiles) character file.

Game seed: 9489233143775524407

23 Armakuni the Magician (level 2, 0/17 HPs)
             Began as a Deep Elf Wanderer on Feb 18, 2022.
             Slain by an adder (2 damage)
             ... on level 2 of the Dungeon.
             The game lasted 00:02:05 (1626 turns).

Armakuni the Magician (Deep Elf Wanderer)           Turns: 1626, Time: 00:02:05

Health: 0/17       AC:  2    Str: 13    XL:     2   Next: 75%
Magic:  8/8        EV: 11    Int: 14    God:
Gold:   39         SH:  0    Dex: 12    Spells: 7/7 levels left

rFire   . . .      SeeInvis .   a - +2 hand axe (vamp)
rCold   . . .      Faith    .   (no shield)
rNeg    . . .      Spirit   .   e - +0 robe
rPois   .          Reflect  .   (no helmet)
rElec   .          Harm     .   (no cloak)
rCorr   .          Rampage  .   (no gloves)
Will    .....                   (no boots)
Stlth   +.........              (no amulet)
HPRegen 0.05/turn               (no ring)
MPRegen 0.11/turn               (no ring)

@: lethally poisoned (0 -> -14)
A: no striking features
a: no special abilities


You were on level 2 of the Dungeon.
You visited 1 branch of the dungeon, and saw 2 of its levels.

You collected 39 gold pieces.

Inventory:

Hand Weapons
 a - a +2 vampiric hand axe (weapon)
Missiles
 b - 7 poisoned darts (quivered)
 d - 42 stones
Armour
 e - a +0 robe (worn)
Potions
 c - a potion of ambrosia
 f - a potion of magic {unknown}
 g - a potion of lignification {unknown}


   Skills:
 + Level 2.0 Fighting
 - Level 1.0 Polearms
 - Level 3.0 Throwing
 - Level 1.0 Armour
 - Level 3.0 Spellcasting
 - Level 2.1 Earth Magic
 - Level 1.1 Evocations


You had 7 spell levels left.
You didn't know any spells.
Your spell library contained the following spells:

 Spells                   Type           Power      Damage    Failure   Level
 Sandblast                Erth           16%        2d6       9%          1
 Passwall                 Tmut/Erth      4%         N/A       21%         2
 Leda's Liquefaction      Hex/Erth       2%         N/A       80%         4


Dungeon Overview and Level Annotations

Branches:
Dungeon (2/15)

Altars:


Message History

The adder poisons you!
You feel sick.
It was a potion of ambrosia.
You are confused.
You feel invigorated.
You feel sick. The adder bites you. The adder barely misses you.
You bump into the rock wall.
You feel sick. The adder closely misses you.
You feel sick.
You feel sick. The adder bites you.
You are more poisoned.
The adder poisons you!
You're too confused to move!
You feel sick. The adder bites you but does no damage.
You feel sick.
You're too confused to move!
You feel sick. The adder bites you. The kobold closely misses you.
The adder bites you.
You are lethally poisoned!
The adder poisons you!
You hit the adder.
You feel better.
The adder is moderately wounded.
You miss the kobold.
You feel less invigorated.
You feel less confused.
You feel very sick. The adder barely misses you.
The kobold hits you with a +0 whip of venom.
You are lethally poisoned!
You closely miss the kobold. You hit the adder.
You feel very sick. The adder bites you.
You are more poisoned.
The adder poisons you! The kobold closely misses you.
The adder barely misses you.
You hit the kobold.
The kobold is severely wounded.
You closely miss the adder.
* * * LOW HITPOINT WARNING * * *
You feel very sick. The adder barely misses you.
The kobold completely misses you. x2
The adder bites you.
You die...

***** #*,,,** **#.,,,,*####
***,...,,,,,..# ,,,,w...,,**#§#
*,,,.(...** #§#### ***
*,,,......###§wS@# **,,
,,,,...w..§§§#§K§#************,,,
,**,..########§§§#,,,,,,,,,,,,,,,
,,,,,,*#...# #.⌠.#*******,****,,,
,,*****#.<.###...####,,,,,* ****
,,* #............#,***** ,,***
###........8.#,* ,,,,**
#..........#,* *
,,,,,****#.......####,* *


You could see an adder, a dart slug and a kobold.

Vanquished Creatures
  A worm (D:2)
  A dart slug (D:1)
  2 bats (D:1)
  2 endoplasms (D:1)
  A giant cockroach (D:1)
  2 goblins
  2 hobgoblins (D:1)
  2 quokkas (D:1)
  2 ball pythons (D:1)
  A frilled lizard (D:1)
  2 kobolds (D:1)
18 creatures vanquished.

Notes
Turn   | Place    | Note
-------+----------+-------------------------------------------
     0 | D:1      | Armakuni the Deep Elf Wanderer began the quest for the Orb.
     0 | D:1      | Armakuni set off with the following items: a +0 spear, 9
                  | poisoned darts, a +0 dagger, 36 stones, a +0 robe; and the
                  | following spell memorised: Sandblast; and the following
                  | spells available to memorise: Passwall, Leda's Liquefaction
     0 | D:1      | Reached XP level 1. HP: 10/10 MP: 6/6
   393 | D:1      | Reached skill level 1 in Fighting
   442 | D:1      | Reached XP level 2. HP: 16/16 MP: 8/8
  1626 | D:2      | Slain by an adder

Illustrated notes

Levels and vault maps discovered:
D:1:      dpeg_arrival_boxes_within_box, layout_basic, solitary_fountain,
          hangedman_decor_points
D:2:      layout_loops_ring, dreamdust_ecumenical_altar_hidden_monk_grotto,
          nicolae_elevator_lobby_asterisk, uniq_natasha, uniq_sigmund

Skill      XL: |  1  2 |
---------------+-------+-----
Fighting       | 1 2 |  2.0
Polearms       | |  1.0
Throwing       | |  3.0
Armour         | |  1.0
Spellcasting   | |  3.0
Earth Magic    | |  2.1
Evocations     | |  1.1

Action                   || total
-------------------------++-------
Melee: Hand axe          ||    53
       Spear             ||     6
Throw: Dart              ||     4
  Use: Scroll            ||     4
       Potion            ||     1
 Stab: Sleeping          ||     2
Armor: Robe              ||    11
Dodge: Dodged            ||    45
